Map: Thunderbird LE

Players

HoneyBadger - Winner!

  • Race: Protoss Protoss
  • Spawn Location: 11:00

MegroN

  • Race: Protoss Protoss
  • Spawn Location: 5:00

VOD

Have the link to the VOD?

Description

PvP vs nKosi - Game 2

Time

  • Played on: May 24, 2019, 11:09 a.m.
  • Length: 24:17
Show
View Real Time Build Order
Export as new Build Order

HoneyBadger Protoss - Winner!

Build Orders:  

Get SALT Encoding   

  12  0:01  Probe  
  13  0:13  Probe  
  14  0:24  Pylon  
  14  0:25  Probe  
  15  0:38  Probe  
  16  0:44  Gateway  
  16  0:46  Probe  
  16  0:53  Assimilator  
  16  0:56  Probe  
  18  1:04  Gateway  
  18  1:11  Assimilator  
  18  1:12  Probe  
  19  1:24  Probe  
  20  1:31  Cybernetics Core  
  20  1:36  Probe  
  21  1:43  Zealot  
  23  1:56  Pylon  
  22  2:14  Warp Gate, Adept x2  
  26  2:35  Probe  
  27  2:44  Adept x2  
  27  2:46  Pylon  
  31  2:53  Robotics Facility  
  31  3:04  Probe  
  32  3:19  Shield Battery  
  32  3:22  Gateway  
  30  3:43  Warp Prism  
  30  3:51  Adept x2  
  32  3:59  Pylon  
  32  4:10  Gateway  
  32  4:36  Gateway  
  32  4:42  Stalker x3  
  36  5:18  Stalker x4  
  44  5:51  Adept  
  44  5:55  Pylon  
  46  5:57  Pylon  
  46  6:22  Stalker  
  46  6:23  Stalker  
  46  6:24  Adept x3  
  54  6:56  Stalker  
  54  6:57  Stalker x2  
  58  7:32  Stalker x2  
  62  7:41  Pylon  
  60  7:59  Immortal  
  58  8:14  Stalker  
  58  8:15  Stalker x3  
  60  8:44  Adept x3  
  66  8:56  Sentry x2  
  70  9:13  Pylon  
  68  9:45  Nexus  
  64  10:24  Sentry x5  
  56  11:20  Stalker x4  
  42  11:53  Sentry x2  
  42  11:54  Sentry x3  
  48  11:58  Probe  
  52  12:06  Probe  
  54  12:16  Probe  
  55  12:53  Probe  
  55  12:55  Probe  
  57  13:00  Assimilator  
  57  13:01  Probe  
  57  13:02  Assimilator, Observer  
  57  13:03  Pylon  
  57  13:04  Stalker x4  
  57  13:05  Stalker  
  68  13:08  Probe  
  68  13:11  Probe, Immortal  
  70  13:15  Forge  
  71  13:20  Probe  
  76  13:38  Gateway  
  76  13:43  Probe  
  76  13:47  Probe  
  78  13:50  Observer  
  78  13:51  Probe  
  79  13:59  Probe  
  79  14:01  Probe  
  81  14:07  Forge  
  82  14:11  Probe  
  82  14:13  Probe  
  82  14:15  Pylon  
  83  14:23  Probe, Immortal  
  88  14:29  Photon Cannon  
  88  14:53  Twilight Council  
  88  14:55  Stalker x3  
  88  14:57  Pylon  
  94  15:22  Stalker x4  
  94  15:23  Stalker  
  94  15:26  Probe  
  105  15:46  Templar Archives  
  105  15:51  Pylon  
  105  15:54  Photon Cannon  
  105  16:20  Nexus  
  105  16:23  Pylon  
  105  16:24  Pylon  
  105  16:28  High Templar x6, Assimilator  
  105  16:32  Assimilator  
  117  16:33  Archon x2  
  117  16:34  Archon  
  117  16:51  Gateway  
  117  16:55  Gateway  
  117  17:02  Photon Cannon  
  117  17:06  Photon Cannon  
  117  17:11  Shield Battery  
  117  17:33  Zealot x5  
  117  17:34  Zealot  
  126  17:57  Zealot  
  126  17:58  Zealot x6  
  138  17:59  Zealot  
  138  18:04  Observer  
  143  18:11  Photon Cannon  
  143  18:15  Photon Cannon x2  
  142  18:28  Photon Cannon  
  142  18:32  Photon Cannon  
  142  18:39  Zealot x2  
  135  19:03  Nexus  
  131  19:17  Photon Cannon  
  123  19:35  Observer  
  122  19:48  Photon Cannon  
  120  19:54  Observer  
  119  20:13  High Templar x6  
  131  20:17  Archon  
  131  20:18  Archon x2  
  131  20:35  Probe x2  
  131  20:39  Probe  
  134  20:43  Probe  
  134  20:46  Zealot x3  
  141  21:16  Photon Cannon  
  141  21:22  Photon Cannon  
  141  21:25  Probe x2  
  141  21:27  Photon Cannon  
  133  21:37  Probe  
  128  21:53  Immortal  
  132  22:11  Stalker x4  
  122  22:32  Immortal  
  100  22:53  Stalker x5  
  100  22:54  Stalker  
  110  23:12  Immortal  
  114  23:22  Nexus  
  114  23:24  Pylon  
  114  23:27  Pylon  
Show
View Real Time Build Order
Export as new Build Order

MegroN Protoss 

Build Orders: 1 Gate Expand 

Get SALT Encoding   

  12  0:01  Probe  
  13  0:16  Probe  
  14  0:22  Pylon  
  14  0:28  Probe  
  15  0:36  Probe  
  16  0:44  Probe  
  17  0:52  Gateway  
  17  0:54  Probe  
  18  1:06  Probe  
  19  1:19  Nexus  
  19  1:23  Pylon  
  19  1:31  Probe  
  20  1:39  Pylon  
  20  1:43  Probe  
  21  1:47  Zealot  
  23  1:54  Assimilator  
  23  1:55  Probe  
  24  2:06  Zealot, Pylon  
  24  2:07  Probe  
  27  2:33  Probe x2  
  27  2:34  Zealot, Forge  
  31  2:38  Pylon  
  31  2:42  Cybernetics Core  
  31  2:59  Probe  
  31  3:00  Probe  
  31  3:01  Zealot  
  35  3:12  Probe  
  36  3:15  Cybernetics Core  
  36  3:17  Pylon  
  35  3:28  Zealot  
  31  3:42  Warp Gate  
  31  3:44  Probe x2  
  31  3:51  Zealot  
  28  3:56  Probe  
  28  3:59  Photon Cannon  
  28  4:01  Photon Cannon  
  31  4:03  Shield Battery  
  31  4:04  Shield Battery  
  31  4:05  Probe  
  31  4:08  Probe  
  33  4:12  Stalker  
  33  4:17  Probe  
  33  4:20  Probe  
  37  4:29  Probe  
  35  4:48  Probe x2  
  37  4:57  Stalker  
  39  5:00  Probe x2  
  39  5:03  Photon Cannon  
  39  5:17  Gateway  
  39  5:20  Pylon  
  39  5:21  Gateway  
  39  5:24  Pylon x2  
  37  5:40  Stalker  
  25  5:50  Probe x2  
  27  6:00  Protoss Ground Weapons Level 1  
  27  6:02  Probe  
  27  6:03  Probe  
  29  6:08  Gateway  
  29  6:14  Probe, Stalker x2  
  29  6:15  Probe  
  35  6:27  Probe  
  36  6:35  Photon Cannon  
  36  6:46  Stalker x2  
  38  7:12  Zealot x3  
  38  7:14  Gateway  
  44  7:32  Zealot x2  
  44  7:33  Zealot  
  37  8:13  Stalker x2  
  37  8:14  Stalker  
  39  8:35  Zealot  
  41  8:48  Gateway  
  41  8:49  Pylon x2  
  41  8:51  Protoss Shields Level 1, Gateway x2  
  41  8:53  Probe x2  
  40  9:05  Probe x2  
  40  9:06  Stalker  
  44  9:13  Zealot x2  
  48  9:17  Probe x2  
  48  9:23  Zealot  
  52  9:29  Probe x2  
  54  9:37  Pylon  
  53  9:41  Probe  
  50  9:56  Stalker  
  50  9:57  Stalker  
  50  9:59  Probe x2  
  56  10:07  Photon Cannon  
  56  10:11  Probe x2  
  58  10:19  Shield Battery  
  58  10:23  Shield Battery  
  42  11:09  Zealot x5  
  42  11:10  Zealot x2  
  38  11:38  Zealot x4  
  38  11:39  Zealot x2  
  35  11:55  Stalker  
  35  11:56  Probe  
  38  12:05  Robotics Facility  
  38  12:08  Probe  
  39  12:09  Sentry  
  39  12:10  Zealot  
  39  12:11  Zealot  
  41  12:33  Assimilator  
  41  12:34  Assimilator  
  41  12:37  Probe  
  42  12:49  Probe  
  42  12:50  Zealot x2  
  47  12:59  Probe  
  48  13:07  Probe  
  48  13:11  Stalker  
  51  13:15  Probe  
  52  13:43  Pylon  
  52  14:02  Immortal  
  56  14:04  Sentry  
  56  14:05  Nexus  
  56  14:06  Probe  
  59  14:24  Probe  
  59  14:27  Pylon  
  60  14:36  Immortal  
  60  14:37  Probe  
  61  14:42  Twilight Council  
  61  14:47  Protoss Ground Armor Level 1  
  65  15:17  Photon Cannon  
  65  15:19  Probe  
  65  15:20  Probe  
  67  15:31  Probe  
  67  15:33  Probe  
  69  15:36  Pylon  
  69  15:44  Probe  
  69  15:45  Probe  
  71  15:53  Dark Shrine  
  71  15:55  Immortal  
  75  16:22  Photon Cannon  
  75  16:27  Photon Cannon  
  75  16:35  Assimilator  
  75  16:47  Shield Battery  
  75  16:48  Pylon  
  75  16:49  Protoss Ground Weapons Level 2  
  75  17:05  Zealot x2  
  79  17:08  Dark Templar x2  
  79  17:14  Dark Templar  
  85  17:15  Charge  
  85  17:43  Dark Templar  
  85  17:44  Dark Templar x2  
  87  17:52  Observer  
  88  18:21  Observer  
  86  19:05  Immortal  
  86  20:07  Robotics Facility  
  86  20:09  Robotics Facility  
  86  20:21  Assimilator x2  
  84  20:24  Nexus, Immortal  
  84  20:25  Pylon  
  84  20:26  Pylon  
  84  20:27  Pylon  
  84  20:28  Zealot x4  
  94  20:56  Immortal  
  94  21:03  Immortal  
  98  21:04  Shield Battery  
  98  21:05  Shield Battery, Immortal  
  98  21:08  Pylon  
  106  21:11  Shield Battery  
  78  21:44  Immortal x2  
  86  21:58  Shield Battery, Sentry  
  86  21:59  Sentry  
  48  22:48  Immortal  
  48  23:06  Stalker x2  
Tags
 
Matchup
PvP
Spawn Locations
Cross Positions
Add a new tag
Caveats
  • Supply blocks, unpowered buildings, or Contaminate may cause inaccurate times.
  • Supply counts are checked every 10 seconds.